ADL
WEST LAKES SMASH @ ADELAIDE CROWS
07/22/2022
 
TOP OF THE 1ST
West Lakes Smash batting - Pitching for Adelaide Crows : RHP Rhys Rabbetts
Pitching: RHP Rhys Rabbetts
Batting: RHB Art Eckington 0-0: Ball
1-0: Ground out 4-3 (Groundball, 4, EV 78.1 MPH)
Batting: RHB Ted Minns 0-0: Swinging Strike
0-1: Ball
1-1: Fly out, F9 (Line Drive, 89S, EV 100.6 MPH)
Batting: SHB Jamie Shelley 0-0: Ball
1-0: Ground out 4-3 (Groundball, 4S, EV 86.9 MPH)
Top of the 1st over - 0 runs, 0 hits, 0 errors, 0 left on base; West Lakes 0 - Adelaide 0
BOTTOM OF THE 1ST
Adelaide Crows batting - Pitching for West Lakes Smash : RHP Sam Overton
Pitching: RHP Sam Overton
Batting: RHB Kip Mackay 0-0: Ball
1-0: Ball
2-0: Ball
3-0: Called Strike
3-1: Ball
Batting: LHB Danny Sims 0-0: Ball
1-0: Called Strike
Kip Mackay is caught stealing 2nd base 2-6
1-1: Ball
2-1: Ball
3-1: Called Strike
3-2: Strikes out swinging
Batting: SHB Michael Herrick 0-0: Swinging Strike
0-1: Foul Ball, location: 7LMF
0-2: Ball
1-2: Strikes out swinging
Bottom of the 1st over - 0 runs, 0 hits, 0 errors, 0 left on base; West Lakes 0 - Adelaide 0
TOP OF THE 2ND
West Lakes Smash batting - Pitching for Adelaide Crows : RHP Rhys Rabbetts
Batting: RHB Todd Dand 0-0: Ball
1-0: Fly out, F9 (Line Drive, 9, EV 88.8 MPH)
Batting: RHB Denzel Spargo 0-0: Called Strike
0-1: Called Strike
0-2: Fly out, F7 (Flyball, 7S, EV 94.4 MPH)
Batting: LHB Sam Spencer 0-0: Ball
1-0: Called Strike
1-1: Swinging Strike
1-2: Ball
2-2: Reached via error on a dropped throw from 1B, E1 (Groundball, 34, EV 103.1 MPH)
Batting: RHB Shane Withecombe 0-0: Ball
Pickoff Throw to First - Out! 1-3
Top of the 2nd over - 0 runs, 0 hits, 1 error, 0 left on base; West Lakes 0 - Adelaide 0
BOTTOM OF THE 2ND
Adelaide Crows batting - Pitching for West Lakes Smash : RHP Sam Overton
Batting: RHB J.J. Halloway 0-0: Ball
1-0: Called Strike
1-1: Ball
2-1: DOUBLE (Line Drive, 89XD, EV 111.3 MPH)
Batting: LHB Corin Campkin 0-0: Called Strike
J.J. Halloway steals 3rd base
0-1: SINGLE (Line Drive, 89S, EV 108.8 MPH)
J.J. Halloway scores
Batting: RHB Bob Bentall 0-0: Ball
1-0: Foul Ball, location: 9LMF
1-1: Swinging Strike
1-2: Strikes out swinging
Batting: RHB Vic Hopoate 0-0: Ball
1-0: Called Strike
1-1: Fly out, F8 (Flyball, 8LD, EV 80.6 MPH)
Batting: RHB Newt Shoebottom 0-0: Ball
1-0: Swinging Strike
1-1: Ball
2-1: Ball
3-1: Called Strike
3-2: Ground out 6-3 (Groundball, 6, EV 105.6 MPH)
Bottom of the 2nd over - 1 run, 2 hits, 0 errors, 1 left on base; West Lakes 0 - Adelaide 1
TOP OF THE 3RD
West Lakes Smash batting - Pitching for Adelaide Crows : RHP Rhys Rabbetts
Batting: RHB Shane Withecombe 0-0: Ball
1-0: Ball
2-0: Ball
3-0: Base on Balls
Batting: RHB Mark Caporn 0-0: Bunt - Flyout to 2R! F2
Batting: RHB Geoff Lutz 0-0: Called Strike
0-1: Called Strike
0-2: Ball
Pickoff Throw by Catcher to First - Error! E2
Shane Withecombe to second
1-2: Ball
2-2: Foul Ball, location: 2F
2-2: Ball
3-2: Fly out, F7 (Flyball, 78M, EV 88.8 MPH)
Batting: RHB Art Eckington 0-0: Ball
1-0: Called Strike
1-1: Ball
2-1: 2-RUN HOME RUN (Flyball, 7D, EV 97.5 MPH), Distance : 388 ft
Batting: RHB Ted Minns 0-0: Hit by Pitch
Batting: SHB Jamie Shelley 0-0: Ball
1-0: Ball
2-0: Ground out 5-3 (Groundball, 15, EV 86.9 MPH)
Top of the 3rd over - 2 runs, 1 hit, 1 error, 1 left on base; West Lakes 2 - Adelaide 1
BOTTOM OF THE 3RD
Adelaide Crows batting - Pitching for West Lakes Smash : RHP Sam Overton
Batting: RHB D.D. Grieve 0-0: Ball
1-0: Ball
2-0: Called Strike
2-1: Foul Ball, location: 2F
2-2: Ball
3-2: Base on Balls
Batting: RHB Kip Mackay 0-0: Called Strike
D.D. Grieve is caught stealing 2nd base 2-4
0-1: Ball
1-1: Fly out, F8 (Flyball, 8RXD, EV 100.6 MPH)
Batting: LHB Danny Sims 0-0: SINGLE (Groundball, 6MD, EV 98.1 MPH)
Batting: SHB Michael Herrick 0-0: Ball
1-0: Ball
2-0: Called Strike
2-1: Ball
3-1: Called Strike
3-2: Foul Ball, location: 5F
3-2: SINGLE (Flyball, 3D, EV 93.8 MPH)
Danny Sims to second
Danny Sims to third
Batting: RHB J.J. Halloway 0-0: Called Strike
0-1: Called Strike
0-2: Strikes out swinging
Bottom of the 3rd over - 0 runs, 2 hits, 0 errors, 2 left on base; West Lakes 2 - Adelaide 1
TOP OF THE 4TH
West Lakes Smash batting - Pitching for Adelaide Crows : RHP Rhys Rabbetts
Batting: RHB Todd Dand 0-0: Ball
1-0: Swinging Strike
1-1: Ball
2-1: Foul Ball, location: 2LF
2-2: Foul Ball, location: 3FF
2-2: Ball
3-2: Foul Ball, location: 2F
3-2: SINGLE (Line Drive, 3D, EV 103.1 MPH)
Batting: RHB Denzel Spargo 0-0: Ball
1-0: Ball
2-0: Ball
3-0: Base on Balls
Todd Dand to second
Batting: LHB Sam Spencer 0-0: Ball
1-0: Ball
2-0: 3-RUN HOME RUN (Flyball, 9D, EV 100.0 MPH), Distance : 373 ft
Batting: RHB Shane Withecombe 0-0: Called Strike
0-1: Ball
1-1: Ground out 4-3 (Groundball, 34, EV 101.9 MPH)
Batting: RHB Mark Caporn 0-0: Called Strike
0-1: Ball
1-1: Called Strike
1-2: Strikes out looking
Batting: RHB Geoff Lutz 0-0: Fly out, F9 (Line Drive, 89M, EV 94.4 MPH)
Top of the 4th over - 3 runs, 2 hits, 0 errors, 0 left on base; West Lakes 5 - Adelaide 1
BOTTOM OF THE 4TH
Adelaide Crows batting - Pitching for West Lakes Smash : RHP Sam Overton
Batting: LHB Corin Campkin 0-0: Ball
1-0: Swinging Strike
1-1: Ball
2-1: Ball
3-1: Base on Balls
Batting: RHB Bob Bentall 0-0: Foul Ball, location: 25F
0-1: Called Strike
0-2: Ball
1-2: Foul Ball, location: 25F
1-2: Ball
2-2: Strikes out swinging
Batting: RHB Vic Hopoate 0-0: Called Strike
0-1: Swinging Strike
0-2: Strikes out swinging
Batting: RHB Newt Shoebottom 0-0: Ball
1-0: Ball
2-0: Ball
3-0: Base on Balls
Corin Campkin to second
Batting: RHB D.D. Grieve 0-0: Foul Ball, location: 3F
0-1: Swinging Strike
0-2: Foul Ball, location: 23F
0-2: Ball
1-2: SINGLE (Flyball, 4D, EV 92.5 MPH)
Corin Campkin to third
Newt Shoebottom to second
Runner from 3rd tries for Home, SAFE, throw by CF to home
Batting: RHB Kip Mackay 0-0: DOUBLE (Line Drive, 7LM, EV 102.5 MPH)
Newt Shoebottom scores
D.D. Grieve to third
Batting: LHB Danny Sims 0-0: Called Strike
0-1: Foul Ball, location: 7LDF
0-2: 3-RUN HOME RUN (Flyball, 89XD, EV 100.6 MPH), Distance : 403 ft
Pitching: RHP Al Mowlem
Batting: SHB Michael Herrick 0-0: Ball
1-0: Ball
2-0: Ball
3-0: Called Strike
3-1: Foul Ball, location: 7LSF
3-2: Base on Balls
Batting: RHB J.J. Halloway 0-0: Ball
1-0: Called Strike
1-1: Ball
2-1: Ball
3-1: Fly out, F9 (Flyball, 9, EV 90.6 MPH)
Bottom of the 4th over - 5 runs, 3 hits, 0 errors, 1 left on base; West Lakes 5 - Adelaide 6
TOP OF THE 5TH
West Lakes Smash batting - Pitching for Adelaide Crows : RHP Rhys Rabbetts
Pitching: RHP Robin Furlong
Batting: RHB Art Eckington 0-0: Foul Ball, location: 7LSF
0-1: Swinging Strike
0-2: Foul Ball, location: 9LSF
0-2: Ball
1-2: SINGLE (Line Drive, 6MD, EV 103.1 MPH)
Batting: RHB Ted Minns 0-0: Fly out, F8 (Line Drive, 8LD, EV 103.8 MPH)
Batting: SHB Jamie Shelley 0-0: Fly out, F9 (Line Drive, 9S, EV 86.9 MPH)
Batting: RHB Todd Dand 0-0: Ball
1-0: Swinging Strike
1-1: Swinging Strike
Art Eckington steals 2nd base
1-2: Ball
2-2: Strikes out swinging wild pitch, reaches first!
Art Eckington to third
Batting: RHB Denzel Spargo 0-0: Ball
1-0: Called Strike
1-1: Ground out 4-3 (Groundball, 34, EV 100.0 MPH)
Top of the 5th over - 0 runs, 1 hit, 0 errors, 2 left on base; West Lakes 5 - Adelaide 6
BOTTOM OF THE 5TH
Adelaide Crows batting - Pitching for West Lakes Smash : RHP Al Mowlem
Batting: LHB Corin Campkin 0-0: Ball
1-0: Fly out, F7 (Line Drive, 78M, EV 101.3 MPH)
Batting: RHB Bob Bentall 0-0: DOUBLE (Line Drive, 9LS, EV 93.8 MPH)
Batting: RHB Vic Hopoate 0-0: Called Strike
0-1: Ball
1-1: Foul Ball, location: 25F
1-2: Ball
2-2: Ball
3-2: Base on Balls
Batting: RHB Newt Shoebottom 0-0: 3-RUN HOME RUN (Flyball, 89XD, EV 102.5 MPH), Distance : 408 ft
Pitching: RHP Will Vantassell
Batting: RHB D.D. Grieve 0-0: Ball
1-0: Ground out 3-1 (Groundball, 34S, EV 89.4 MPH)
Batting: RHB Kip Mackay 0-0: Called Strike
0-1: Foul Ball, location: 9LMF
0-2: Foul Ball, location: 2F
0-2: Strikes out swinging
Bottom of the 5th over - 3 runs, 2 hits, 0 errors, 0 left on base; West Lakes 5 - Adelaide 9
TOP OF THE 6TH
West Lakes Smash batting - Pitching for Adelaide Crows : RHP Robin Furlong
Batting: LHB Sam Spencer 0-0: Ball
1-0: Called Strike
1-1: Called Strike
1-2: Foul Ball, location: 23FF
1-2: Ball
2-2: Foul Ball, location: 5DF
2-2: Ball
3-2: Fly out, F5 (Popup, 5SF, EV 76.3 MPH)
Batting: RHB Shane Withecombe 0-0: Ball
1-0: Called Strike
1-1: Foul Ball, location: 2F
1-2: Ground out 4-3 (Groundball, 4, EV 81.9 MPH)
Batting: RHB Mark Caporn 0-0: Ball
1-0: Foul Ball, location: 2F
1-1: Ball
2-1: Ball
3-1: Ground out 1-3 (Groundball, 34S, EV 63.8 MPH)
Top of the 6th over - 0 runs, 0 hits, 0 errors, 0 left on base; West Lakes 5 - Adelaide 9
BOTTOM OF THE 6TH
Adelaide Crows batting - Pitching for West Lakes Smash : RHP Will Vantassell
Batting: LHB Danny Sims 0-0: Foul Ball, location: 2F
0-1: Called Strike
0-2: Ball
1-2: Ball
2-2: SINGLE (Line Drive, 9S, EV 97.5 MPH)
Batting: SHB Michael Herrick 0-0: Called Strike
0-1: Called Strike
0-2: Ball
1-2: Strikes out looking
Batting: RHB J.J. Halloway 0-0: Ball
1-0: Swinging Strike
1-1: Ball
2-1: Ball
3-1: Base on Balls
Danny Sims to second
Batting: LHB Corin Campkin 0-0: Called Strike
0-1: Grounds into double play, 6-4-3 (Groundball, 6MD, EV 94.4 MPH)
Bottom of the 6th over - 0 runs, 1 hit, 0 errors, 1 left on base; West Lakes 5 - Adelaide 9
TOP OF THE 7TH
West Lakes Smash batting - Pitching for Adelaide Crows : RHP Robin Furlong
Batting: RHB Geoff Lutz 0-0: Foul Ball, location: 2F
0-1: Foul Ball, location: 2RF
0-2: Foul Ball, location: 5F
0-2: Ball
1-2: Ball
2-2: Strikes out swinging
Batting: RHB Art Eckington 0-0: Ball
1-0: Ball
2-0: Ball
3-0: Base on Balls
Batting: RHB Ted Minns 0-0: Ball
1-0: Ball
2-0: Called Strike
2-1: Ball
3-1: Foul Ball, location: 7LMF
3-2: Fly out, F7 (Line Drive, 7LM, EV 100.6 MPH)
Batting: SHB Jamie Shelley 0-0: Swinging Strike
0-1: Ball
1-1: Ball
Art Eckington is caught stealing 2nd base 2-6
Top of the 7th over - 0 runs, 0 hits, 0 errors, 0 left on base; West Lakes 5 - Adelaide 9
BOTTOM OF THE 7TH
Adelaide Crows batting - Pitching for West Lakes Smash : RHP Will Vantassell
Batting: RHB Bob Bentall 0-0: DOUBLE (Line Drive, 3D, EV 103.8 MPH)
Batting: RHB Vic Hopoate 0-0: Swinging Strike
0-1: Ball
1-1: Ball
2-1: Fly out, F9 (Flyball, 89M, EV 89.4 MPH)
Batting: RHB Newt Shoebottom 0-0: Swinging Strike
0-1: Swinging Strike
0-2: Ball
1-2: Ball
2-2: SINGLE (Line Drive, 9S, EV 99.4 MPH)
Bob Bentall to third
Batting: RHB D.D. Grieve 0-0: Called Strike
0-1: Foul Ball, location: 2F
0-2: Ball
1-2: Foul Ball, location: 23F
1-2: Strikes out looking
Newt Shoebottom steals 2nd base
Batter strikes out.
Batting: RHB Kip Mackay 0-0: Ball
1-0: DOUBLE (Flyball, 8LXD, EV 110.0 MPH)
Bob Bentall scores
Newt Shoebottom scores
Batting: LHB Danny Sims 0-0: Foul Ball, location: 5F
0-1: Ball
1-1: Ball
2-1: Fly out, F8 (Line Drive, 8LM, EV 96.9 MPH)
Bottom of the 7th over - 2 runs, 3 hits, 0 errors, 1 left on base; West Lakes 5 - Adelaide 11
TOP OF THE 8TH
West Lakes Smash batting - Pitching for Adelaide Crows : RHP Robin Furlong
Batting: SHB Jamie Shelley 0-0: Ball
1-0: Called Strike
1-1: Fly out, F8 (Flyball, 78S, EV 86.9 MPH)
Batting: RHB Todd Dand 0-0: Ball
1-0: Swinging Strike
1-1: Foul Ball, location: 23F
1-2: Ground out 6-3 (Groundball, 6, EV 79.4 MPH)
Batting: RHB Denzel Spargo 0-0: Called Strike
0-1: Ball
1-1: Called Strike
1-2: Strikes out swinging
Top of the 8th over - 0 runs, 0 hits, 0 errors, 0 left on base; West Lakes 5 - Adelaide 11
BOTTOM OF THE 8TH
Adelaide Crows batting - Pitching for West Lakes Smash : RHP Will Vantassell
Batting: SHB Michael Herrick 0-0: Foul Ball, location: 25F
0-1: Ball
1-1: Swinging Strike
1-2: Fly out, F8 (Flyball, 8RXD, EV 108.1 MPH)
Batting: RHB J.J. Halloway 0-0: Foul Ball, location: 23F
0-1: Ground out 6-3 (Groundball, 6, EV 88.8 MPH)
Batting: LHB Corin Campkin 0-0: Swinging Strike
0-1: Ball
1-1: Ball
2-1: Ball
3-1: Swinging Strike
3-2: Strikes out swinging
Bottom of the 8th over - 0 runs, 0 hits, 0 errors, 0 left on base; West Lakes 5 - Adelaide 11
TOP OF THE 9TH
West Lakes Smash batting - Pitching for Adelaide Crows : RHP Robin Furlong
Batting: LHB Sam Spencer 0-0: Called Strike
0-1: Ball
1-1: SINGLE (Line Drive, 56, EV 96.3 MPH)
Pitching: RHP Cec Balkwill
Batting: RHB Shane Withecombe
Batting: RHB FabiĆ£o Giesteira 0-0: Ball
1-0: Fly out, F4 (Popup, 34D, EV 69.4 MPH)
Pinch Hitting: SHB Colten Croome 0-0: Fly out, F6 (Popup, 6M, EV 50.6 MPH)
Batting: RHB Geoff Lutz 0-0: Called Strike
0-1: Called Strike
0-2: Strikes out swinging
Top of the 9th over - 0 runs, 1 hit, 0 errors, 1 left on base; West Lakes 5 - Adelaide 11
Wednesday, May 1st , 2024 - OOTP Baseball 24.9 Build 80